 Dungeon Crawl Stone Soup version 0.27.0-1-g7a089689b8 (webtiles) character file.

Game seed: 14434536297082041216

98 Mjolnir the Grave Robber (level 4, -1/38 HPs)
             Began as a Deep Dwarf Necromancer on Aug 8, 2021.
             Slain by a kobold brigand (7 damage)
             ... in a sewer.
             The game lasted 00:18:19 (2795 turns).

Mjolnir the Grave Robber (Deep Dwarf Necromancer)   Turns: 2795, Time: 00:18:21

Health: -1/38      AC:  2    Str: 12    XL:     4   Next: 43%
Magic:  0/8        EV: 12    Int: 16    God:
Gold:   70         SH:  0    Dex: 13    Spells: 4/8 levels left

rFire    . . .     SeeInvis .   p - +0 mace
rCold    . . .     Faith    .   (no shield)
rNeg     . . .     Spirit   .   a - +0 robe
rPois    .         Reflect  .   (no helmet)
rElec    .         Harm     .   (no cloak)
rCorr    .         Rampage  .   (no gloves)
Will     .....                  (no boots)
Stlth    ++........             (no amulet)
HPRegen  0.00/turn              (no ring)
MPRegen  0.11/turn              (no ring)

@: lethally poisoned (-1 -> -1)
A: damage resistance, heal wounds, sense surroundings 1, no regeneration
a: Heal Wounds


You were in a sewer.
You visited 1 branch of the dungeon, and saw 3 of its levels.
You also visited: Sewer.

You collected 70 gold pieces.

Inventory:

Hand Weapons
 c - a +0 spear
 i - a +0 hunting sling
 l - a +0 whip
 p - a +0 mace (weapon)
 q - a +0 hand crossbow
Missiles
 e - 35 sling bullets
 f - 106 stones
 j - 60 bolts
 k - 24 poisoned darts
Armour
 a - a +0 robe (worn)
Scrolls
 b - a scroll of immolation
 g - a scroll of magic mapping {unknown}
 m - a scroll of vulnerability {unknown}
 n - a scroll of teleportation {unknown}
 o - a scroll of identify {unknown}
Potions
 d - a potion of degeneration {unknown}
 h - a potion of curing
 r - a potion of cancellation {unknown}


   Skills:
 * Level 1.6 Fighting
 + Level 2.2 Dodging
 + Level 2.4 Stealth
 + Level 2.8 Spellcasting
 + Level 5.1 Necromancy


You had 4 spell levels left.
You knew the following spells:

 Your Spells              Type           Power      Damage    Failure   Level
a - Pain                  Necr           72%        1d7       2%          1
d - Vampiric Draining     Necr           9%         2d7       7%          3

Your spell library contained the following spells:

 Spells                   Type           Power      Damage    Failure   Level
 Animate Skeleton         Necr           36%        N/A       2%          1
 Animate Dead             Necr           9%         N/A       22%         4
 Agony                    Necr           18%        N/A       54%         5
 Fireball                 Conj/Fire      1%         3d3       99%         5
 Iskenderun's Battlesphe  Conj           2%         2d6       99%         5
 Conjure Ball Lightning   Conj/Air       1%         3x3d6     100%        6
 Orb of Destruction       Conj           1%         N/A       100%        7


Dungeon Overview and Level Annotations

Branches:
Dungeon (3/15)              Sewer (1/1)

Altars:
Dithmenos

Shops:
D:2 [


Innate Abilities, Weirdness & Mutations

You are resistant to damage.
You can heal yourself by infusing magical energy.
You passively map a small area around you.
You do not regenerate.


Message History

Press: ? - help, Shift-Dir - straight line, f - you, p - kobold brigand
Okay, then.
Unknown command.
q - a +0 hand crossbow (weapon)
Fire: 63 bolts
Press: ? - help, Q - select action, (/) - cycle Shift-Dir - straight line, f/p - kobold brigand
Aim: a kobold brigand, wielding a +0 dagger and quivering poisoned darts (moderately wounded, 53% to hit)
You shoot a bolt.
The bolt barely misses the kobold brigand.
The bolt hits the rat.
You kill the rat!
You hear a splash.
The kobold brigand throws a poisoned dart.
The poisoned dart closely misses you.
Fire: 62 bolts
Press: ? - help, Q - select action, (/) - cycle Shift-Dir - straight line, f/p - kobold brigand
Aim: a kobold brigand, wielding a +0 dagger and quivering poisoned darts (moderately wounded, 53% to hit)
You shoot a bolt.
The bolt closely misses the kobold brigand.
Fire: 61 bolts
Press: ? - help, Q - select action, (/) - cycle Shift-Dir - straight line, f/p - kobold brigand
Aim: a kobold brigand, wielding a +0 dagger and quivering poisoned darts (moderately wounded, 53% to hit)
You shoot a bolt.
The bolt closely misses the kobold brigand.
You hear a splash.
You are no longer poisoned.
The kobold brigand throws a poisoned dart.
The poisoned dart hits you!
You are poisoned.
Casting: Pain (safe; 2% risk of failure)
Confirm with . or Enter, or press ? or * to list all spells.
Aiming: Pain (safe; 2% risk of failure)
Press: ? - help, Shift-Dir - straight line, f/p - kobold brigand
Aim: a kobold brigand, wielding a +0 dagger and quivering poisoned darts (moderately wounded, chance to affect: 78%)
The kobold brigand writhes in agony.
p - a +0 mace (weapon)
You hit the kobold brigand.
The kobold brigand is heavily wounded.
The kobold brigand hits you with a +0 dagger!
You die...

≈.≈.≈≈≈≈####≈≈.≈...##
#≈≈≈..,
≈####≈.≈≈##≈≈≈≈≈≈..≈##≈≈..#
## ##..≈≈≈≈.........≈≈≈.#
##≈..≈...≈.≈≈≈..≈..##
#≈≈..≈........≈.≈≈#
#≈.≈≈≈≈≈∩.∩≈≈≈..≈.#
#≈≈.≈≈.....≈≈≈≈..≈#
##≈≈..≈.≈..≈..≈≈.≈≈#* ##
##..≈.(≈..≈K@....≈≈.≈#
≈####≈≈.≈##....≈.≈.≈##.≈≈.#
≈≈.≈≈.≈≈####≈.≈≈.≈≈##*#.≈..
, ≈≈≈≈≈≈r.# #.≈≈≈≈≈≈#* .≈≈.
≈≈.≈...## #..≈≈≈≈≈≈.# * ≈ *
.#######*..≈....≈≈.≈.. ##
.≈≈.≈#####..≈≈. * #≈≈≈.##
#.... #.≈.# #≈≈


You could see a kobold brigand.

Vanquished Creatures
  3 adders
  A river rat (Sewer)
  2 worms
  3 dart slugs (D:1)
  8 ball pythons
  7 endoplasms
  2 giant cockroaches
  2 hobgoblins
  2 jackals (D:2)
  7 kobolds
  3 quokkas
  3 bats (D:1)
  4 frilled lizards
  2 goblins (D:1)
  2 rats
51 creatures vanquished.

Notes
Turn   | Place    | Note
-------+----------+-------------------------------------------
     0 | D:1      | Mjolnir the Deep Dwarf Necromancer began the quest for the
                  | Orb.
     0 | D:1      | Reached XP level 1. HP: 15/15 MP: 3/3
   345 | D:1      | Found a faded altar of an unknown god.
   385 | D:1      | Reached XP level 2. HP: 20/22 MP: 0/4
  1224 | D:2      | Found a shadowy altar of Dithmenos.
  1344 | D:2      | Reached XP level 3. HP: 21/30 MP: 3/6
  1390 | D:2      | Learned a level 3 spell: Vampiric Draining
  1420 | D:2      | Reached skill level 5 in Necromancy
  1463 | D:2      | Found Gebleep's Antique Armour Boutique.
  1839 | D:2      | Reached skill level 1 in Fighting
  2217 | D:3      | Found a glowing drain.
  2228 | D:3      | Reached XP level 4. HP: 27/38 MP: 4/8
  2272 | Sewer    | Entered a sewer
  2754 | Sewer    | Noticed a kobold brigand
  2795 | Sewer    | Slain by a kobold brigand

Illustrated notes

Levels and vault maps discovered:
D:1:      dpeg_arrival_radiant, layout_loops_cross,
          hellmonk_ecumenical_altar_blasted
D:2:      layout_loops_ring, basic_altar, serial_shops, nicolae_diamond_shop
D:3:      layout_basic, mainiacjoe_overflow_catch_the_wave,
          gup_sewer_entry_glass, uniq_crazy_yiuf_cottage
Sewer:    sewer_co_tree

Skill      XL: |  1  2  3 |
---------------+----------+-----
Spellcasting   | 2 |  2.8
Necromancy     | 5 |  5.1
Fighting       | 1 |  1.6
Dodging        | |  2.2
Stealth        | |  2.4

Action                   |  1- 3 |  4- 6 || total
-------------------------+-------+-------++-------
Melee: Spear             |     1 |       ||     1
       Mace              |     1 |     9 ||    10
       Unarmed           |     1 |     1 ||     2
 Fire: Hand crossbow     |       |     3 ||     3
 Cast: Pain              |    61 |    31 ||    92
       Vampiric Draining |     6 |     7 ||    13
  Use: Potion            |       |     1 ||     1
Armor: Robe              |     4 |     4 ||     8
Dodge: Dodged            |    25 |    27 ||    52
